 Dungeon Crawl Stone Soup version 0.30-a0-322-g102857c98e (webtiles) character file.

Game seed: 17099611253345156571

95 funkygono the Firebug (level 4, -1/24 HPs)
             Began as a Gargoyle Fire Elementalist on Oct 27, 2022.
             Killed by divine providence
             ... invoked by an orc priest
              (11 damage)
             ... on level 4 of the Dungeon.
             The game lasted 00:05:19 (3338 turns).

funkygono the Firebug (Gargoyle Fire Elementalist)  Turns: 3338, Time: 00:05:19

Health: -1/24      AC:  7    Str: 12    XL:     4   Next: 66%
Magic:  0/8        EV: 12    Int: 17    God:
Gold:   258        SH:  0    Dex: 10    Spells: 3/9 levels left

rFire   . . .      SeeInvis .    l - +3 whip
rCold   . . .      Faith    .    (no shield)
rNeg    + . .      Spirit   .    a - +0 robe
rPois   ∞          Reflect  .    (no helmet)
rElec   +          Harm     .    m - +1 cloak
rCorr   +          Rampage  .    (no gloves)
Will    .....                    (no boots)
Stlth   ++........               p - amulet of regeneration
HPRegen 1.04/turn                h - ring of resist corrosion
MPRegen 0.11/turn                (no ring)

@: no status effects
A: sickness immunity, AC +3, negative energy resistance 1, electricity
resistance, torment resistance 1, petrification resistance
a: no special abilities


You were on level 4 of the Dungeon.
You visited 1 branch of the dungeon, and saw 4 of its levels.

You collected 258 gold pieces.

Inventory:

Hand Weapons
 l - a +3 whip (weapon)
Armour
 a - a +0 robe (worn)
 g - an orb of mayhem
 m - a +1 cloak (worn)
Jewellery
 c - an amulet of guardian spirit
 h - a ring of resist corrosion (left hand)
 p - an amulet of regeneration (around neck)
Wands
 n - a wand of digging (7)
Scrolls
 e - a scroll of identify
Potions
 b - a potion of magic
 d - 2 potions of haste
 f - a potion of resistance
 i - a potion of invisibility
 k - 2 potions of heal wounds
 o - a potion of mutation
 q - a potion of degeneration


   Skills:
 + Level 0.4 Fighting
 + Level 1.7 Dodging
 + Level 2.3 Stealth
 * Level 3.0 Spellcasting
 * Level 2.2 Conjurations
 * Level 3.9 Fire Magic


You had 3 spell levels left.
You knew the following spells:

 Your Spells              Type           Power      Damage    Failure   Level
a - Foxfire               Conj/Fire      52%        2x1d6     4%          1
b - Scorch                Fire           30%        2d6       5%          2
c - Kindle Blastsparks    Fire/Tloc/Air  14%        2d11      30%         3

Your spell library contained the following spells:

 Spells                   Type           Power      Damage    Failure   Level
 Inner Flame              Hex/Fire       9%         N/A       24%         3
 Ignite Poison            Fire/Tmut/Pois 7%         N/A       30%         3
 Gell's Gravitas          Tloc           2%         N/A       45%         3
 Lesser Beckoning         Tloc           4%         N/A       45%         3
 Teleport Other           Tloc           2%         N/A       45%         3
 Tukima's Dance           Hex            2%         N/A       45%         3
 Flame Wave               Conj/Fire      13%        2d6       43%         4
 Fulminant Prism          Conj/Hex       3%         3d6       73%         4
 Iskenderun's Mystic Bla  Conj/Tloc      6%         2d4       73%         4
 Passage of Golubria      Tloc           2%         N/A       86%         4
 Freezing Cloud           Conj/Ice/Air   2%         6-21      98%         5
 Lee's Rapid Deconstruct  Erth           1%         3d4*      99%         5
 Yara's Violent Unravell  Hex/Tmut       1%         3d3       99%         5


Dungeon Overview and Level Annotations

Branches:
Dungeon (4/15)
 Temple: D:4-7

Altars:


Innate Abilities, Weirdness & Mutations

You are immune to sickness and miasma.
Your stone body is resilient. (AC +3)
You are immune to poison.
You resist negative energy. (rN+)
You are resistant to electric shocks. (rElec)
You are resistant to unholy torment.
You are immune to petrification.


Message History

The scorpion stings you but does no damage.
Casting: Foxfire (safe; 4% risk of failure)
Confirm with . or Enter, or press ? or * to list all spells.
You conjure some foxfire!
The foxfire hits the scorpion.
The scorpion is burned terribly!
The scorpion is almost dead.
The foxfire hits the scorpion but does no damage.
The scorpion is almost dead.
The scorpion stings you.
An orc priest comes into view. It is wielding a +0 short sword.
An orc comes into view. It is wielding a +0 flail.
Casting: Foxfire (safe; 4% risk of failure)
Confirm with . or Enter, or press ? or * to list all spells.
You conjure some foxfire!
The orc priest shouts!
You hear an angry hiss.
The scorpion is no longer more vulnerable to fire.
The foxfire hits the scorpion but does no damage.
The scorpion is almost dead.
The foxfire hits the scorpion but does no damage.
The scorpion is almost dead.
The scorpion stings you. The scorpion closely misses you.
Casting: Foxfire (safe; 4% risk of failure)
Confirm with . or Enter, or press ? or * to list all spells.
You conjure some foxfire!
The foxfire hits the scorpion.
The scorpion is almost dead.
The foxfire hits the scorpion but does no damage.
The scorpion is almost dead.
The scorpion stings you.
Casting: Foxfire (safe; 4% risk of failure)
Confirm with . or Enter, or press ? or * to list all spells.
You conjure some foxfire!
The foxfire hits the scorpion but does no damage.
The scorpion is almost dead.
The foxfire hits the scorpion but does no damage.
The scorpion is almost dead.
The scorpion stings you.
An endoplasm comes into view.
The orc priest calls down the wrath of Beogh upon you.
Beogh smites you!
You die...

#####.###...#.# #
#.....###.....#
#.##.##.....#.........
#...$.....#.##########
.####...#....###
.........<.......
####...#..######
###v§§#....#
#.$v@...##.# #.#.s####
.# #.o... # #..####.
#o# #. .o. .#


.Jo . .. # You could see a scorpion (ally target), an orc priest, 3 orcs and an
endoplasm.

Vanquished Creatures
  A gnoll (D:1)
  An adder (D:3)
  2 worms (D:2)
  5 dart slugs
  2 orcs (D:3)
  7 ball pythons
  3 bats (D:1)
  5 endoplasms
  3 giant cockroaches
  3 hobgoblins (D:1)
  4 jackals
  4 kobolds
  A quokka (D:1)
  4 frilled lizards
  7 goblins
  5 rats
57 creatures vanquished.

Vanquished Creatures (others)
  170 foxfires
  7 plants (D:3)
177 creatures vanquished.

Grand Total: 234 creatures vanquished

Notes
Turn   | Place    | Note
-------+----------+-------------------------------------------
     0 | D:1      | funkygono the Gargoyle Fire Elementalist began the quest
                  | for the Orb.
     0 | D:1      | Reached XP level 1. HP: 10/10 MP: 3/3
     0 | D:1      | Noticed a large abomination
     0 | D:1      | Noticed a tentacled monstrosity
     6 | D:1      | Noticed a large abomination
     8 | D:1      | Noticed an iron dragon
     9 | D:1      | Noticed a large abomination
    11 | D:1      | Noticed a large abomination
    13 | D:1      | Noticed a shadow dragon
    15 | D:1      | Noticed a large abomination
    17 | D:1      | Noticed a white draconian
    19 | D:1      | Noticed a large abomination
    19 | D:1      | Noticed a shadow dragon
    21 | D:1      | Noticed an ice dragon
    92 | D:1      | Reached XP level 2. HP: 15/15 MP: 1/5
   449 | D:1      | Reached XP level 3. HP: 19/19 MP: 0/6
   835 | D:1      | Learned a level 2 spell: Scorch
   839 | D:1      | Learned a level 3 spell: Kindle Blastsparks
  1458 | D:2      | Reached XP level 4. HP: 24/24 MP: 3/8
  3328 | D:4      | Noticed a scorpion
  3338 | D:4      | Killed from afar by an orc priest

Illustrated notes

Levels and vault maps discovered:
D:1:      shiori_arrival_whats_in_store_for_you, layout_rooms,
          palyth_stone_intersect
D:2:      layout_basic, mrwooster_statue_mirror, amcnicky_mini_pool_small
D:3:      cheibrodos_old_hovel, layout_loops_corners, serial_glass,
          glass_columns_c, glass_columns_a, minmay_checkerbox
D:4:      layout_basic, minmay_close_crescents, uniq_crazy_yiuf_cottage,
          uniq_eustachio

Skill      XL: |  1  2  3  4 |
---------------+-------------+-----
Conjurations   | 2 |  2.2
Spellcasting   | 3 |  3.0
Fighting       | |  0.4
Dodging        | |  1.7
Stealth        | |  2.3
Fire Magic     | |  3.9

Action                   |  1- 3 |  4- 6 || total
-------------------------+-------+-------++-------
Melee: Unarmed           |     5 |       ||     5
       Whip              |       |     3 ||     3
 Cast: Foxfire           |    63 |    37 ||   100
       Scorch            |       |     2 ||     2
  Use: Scroll            |       |    12 ||    12
Armor: Robe              |    11 |     4 ||    15
Dodge: Dodged            |    23 |     7 ||    30

Table legend: (Time is in decaauts)
 A = Elapsed time spent in this place.
 B = Non-inter-level travel time spent in this place.
 C = Inter-level travel time spent in this place.
 D = Time resting spent in this place.
 E = Time spent auto-exploring this place.
 F = Levels seen in this place.
 G = Mean time per level.
                   A        B        C        D        E       F      G
               +--------+--------+--------+--------+--------+-----+--------+
         Total |   3335 |   3179 |    156 |    134 |   2595 |   4 |  833.8 |
       Dungeon |   3335 |   3179 |    156 |    134 |   2595 |   4 |  833.8 |
               +--------+--------+--------+--------+--------+-----+--------+

Top non-repeatable levels by time:
     D:2: 1214 daAuts
     D:1: 1055 daAuts
     D:3: 1029 daAuts
     D:4: 36 daAuts
